 Dungeon Crawl Stone Soup version 0.30-a0-368-g86fb4627a9 (webtiles) character file.

Game seed: 14667882441512577382

22936 Pooter the Skirmisher (level 12, -9/98 (110) HPs)
             Began as a Minotaur Berserker on Nov 19, 2022.
             Was an Elder of Trog.
             Mangled by Rupert
             ... wielding a +1 executioner's axe of draining
              (22 damage)
             ... on level 2 of the Orcish Mines on Nov 20, 2022.
             The game lasted 01:14:01 (14535 turns).

Pooter the Skirmisher (Minotaur Berserker)         Turns: 14535, Time: 01:14:02

HP:   -9/98 (110)   AC: 19    Str: 24    XL:     12   Next: 67%
MP:   0/11          EV:  7    Int:  6    God:    Trog [****..]
Gold: 216           SH:  0    Dex: 11    Spells: 11/11 levels left

rFire   . . .      SeeInvis +    a - +8 frozen axe "Frostbite" {freezing cloud, *Noise Fly rC+}
rCold   + . .      Faith    .    (shield currently unavailable)
rNeg    . . .      Spirit   +    l - +5 plate armour
rPois   .          Reflect  .    R - +0 hat
rElec   .          Harm     .    K - +0 cloak
rCorr   .          Rampage  .    z - +0 pair of gloves
Will    ++...                    (no boots)
Stlth   ..........               G - amulet of guardian spirit
HPRegen 1.36/turn                S - ring of see invisible
MPRegen 0.12/turn                (no ring)

@: silenced, strong-willed, flying, regenerating, heavily drained
A: horns 2, retaliatory headbutt
a: Renounce Religion


You were on level 2 of the Orcish Mines.
You worshipped Trog.
Trog was greatly pleased with you.
You visited 2 branches of the dungeon, and saw 12 of its levels.
You also visited: Bailey and Ice Cave.

You collected 1180 gold pieces.
You spent 964 gold pieces at shops.

Inventory:

Hand Weapons
 a - the +8 frozen axe "Frostbite" (weapon) {freezing cloud, *Noise Fly rC+}
   (You found it in an ice cave)

   It freezes those it strikes, dealing additional cold damage.
   It can also slow down cold-blooded creatures.
   It occasionally leaves clouds of freezing vapour upon striking a foe.
   It grants immunity to clouds of freezing vapour.
   rC:        It protects you from cold.
   Fly:       It grants you flight.
   *Noise:    It may make noises in combat.
 b - the +8 longbow "Zephyr" {speed, Dex+3 SInv}
   (You found it in an ice cave)

   Attacks with this weapon are significantly faster.
   Dex:       It affects your dexterity (+3).
   SInv:      It lets you see invisible.
 P - a +1 battleaxe of flaming
   (You took it off a wight on level 8 of the Dungeon)
 U - a +7 glaive of flaming
   (You took it off Maggie on level 6 of the Dungeon)
Missiles
 i - 5 atropa-tipped darts
 k - 3 boomerangs of dispersal {!f}
 p - 19 boomerangs (quivered)
 N - 29 poisoned darts
 O - 2 curare-tipped darts
 Q - 118 stones
Armour
 l - a +5 plate armour (worn)
   (You found it on level 7 of the Dungeon)
 z - a +0 pair of gloves (worn)
   (You found it on level 10 of the Dungeon)
 A - the +3 ring mail "Lalismis" {rElec rF+ rC+ MP+9}
   (You found it on level 10 of the Dungeon)

   rF:        It protects you from fire.
   rC:        It protects you from cold.
   rElec:     It insulates you from electricity.
   MP:        It affects your magic capacity (+9).
 F - +0 ice dragon scales
   (You found it in an ice cave)
 K - a +0 cloak (worn)
   (You took it off Maurice on level 8 of the Dungeon)
 R - a +0 hat (worn)
   (You found it in an ice cave)
Jewellery
 B - a +6 ring of intelligence
   (You found it on level 7 of the Dungeon)
 G - an amulet of guardian spirit (around neck)
   (You found it on level 2 of the Dungeon)
 M - an amulet of regeneration
   (You found it on level 4 of the Dungeon)
 S - a ring of see invisible (left hand)
   (You bought it in a shop on level 3 of the Dungeon)
Wands
 f - a wand of flame (53)
   (You found it on level 3 of the Dungeon)
 u - a wand of paralysis (3)
   (You took it off Maurice on level 8 of the Dungeon)
 w - a wand of roots (7)
   (You found it on level 8 of the Dungeon)
 H - a wand of mindburst (1)
   (You found it in an ice cave)
Scrolls
 d - 6 scrolls of fog
 e - 6 scrolls of torment {!r}
 h - a scroll of brand weapon {unknown}
 n - a scroll of vulnerability {!r}
 s - 2 scrolls of noise {!r}
 t - 6 scrolls of teleportation {@r4}
 v - 2 scrolls of immolation {!r}
 y - a scroll of fear {unknown}
 L - a scroll of summoning
 T - a scroll of enchant weapon
Potions
 c - 2 potions of flight
 g - 4 potions of curing {@q1}
 j - 4 potions of heal wounds {@q2}
 m - 3 potions of attraction {!q}
 o - 2 potions of degeneration {unknown}
 q - 7 potions of haste {@q3}
 r - 3 potions of mutation {!q}
 C - 2 potions of might {unknown}
 D - 2 potions of resistance
 E - 2 potions of lignification {unknown}
 I - a potion of cancellation {unknown}
 J - a potion of invisibility {unknown}
Miscellaneous
 V - a tin of tremorstones (inert)
   (You bought it in a shop on level 5 of the Dungeon)


   Skills:
 + Level 11.5 Fighting
 * Level 13.6(14.7) Axes
 - Level 9.3(12.6) Polearms
 * Level 13.7 Ranged Weapons
 + Level 5.3 Armour
 - Level 2.1 Dodging
 - Level 4.0 Evocations


You had 11 spell levels left.
You didn't know any spells.
Your spell library was empty.

Dungeon Overview and Level Annotations

Branches:
Dungeon (10/15)            Temple (0/1) D:7            Lair (0/5) D:9
    Orc (2/2) D:10         Bailey (visited)           IceCv (visited)
    Elf: Orc:2

Altars:
Fedhas
Nemelex Xobeh
Okawaru
Trog
Uskayaw

Shops:
D:3 =   D:5 *   D:7 !   Orc:2 :

Annotations:
Orc:2 Rupert


Innate Abilities, Weirdness & Mutations

You have a pair of horns on your head.
You reflexively headbutt those who attack you in melee.


Message History

You headbutt the orc knight! You completely miss the orc knight.
You headbutt the orc knight, but do no damage.
The orc knight hits you with a +0 vorpal long sword!
You slice the orc knight!! You freeze the orc knight.
You headbutt the orc knight.
The orc knight hits you with a +0 vorpal long sword! x2
* * * LOW HITPOINT WARNING * * *
* * * LOW HITPOINT WARNING * * *
You slash the orc knight! You freeze the orc knight.
Your headbutt misses the orc knight.
The orc knight hits you but does no damage.
Unknown command.
You completely miss the orc knight. Your headbutt misses the orc knight.
The orc knight closely misses you. You furiously retaliate!
You headbutt the orc knight!
You kill the orc knight!
Trog accepts your kill.
You now have 216 gold pieces (gained 15).
Things that are here:
a +0 vorpal long sword; a +0 plate armour Rupert the Wild comes into view.
He is wielding a +1 executioner's axe of draining.
Okay, then.
You can't see any enemies this would affect, really read the scroll of silence?
Okay, then.
Rupert shouts!
Rupert screams, "Hurray!"
As you read the scroll of silence, it crumbles to dust.
A profound silence engulfs you.
Rupert flies into a rage!
Rupert goes berserk!
Rupert rages.
Rupert hits you with a +1 executioner's axe of draining!!!
* * * LOW MAGIC WARNING * * *
* * * LOW HITPOINT WARNING * * *
You feel drained.
* * * LOW MAGIC WARNING * * *
* * * LOW HITPOINT WARNING * * *
You see here a +0 hand axe.
You slice Rupert!! You freeze Rupert! Your headbutt misses Rupert.
Rupert is engulfed in freezing vapours.
Rupert hits you with a +1 executioner's axe of draining!
* * * LOW MAGIC WARNING * * *
* * * LOW HITPOINT WARNING * * *
You feel drained.
Rupert is engulfed in freezing vapours.
Rupert barely misses you. You furiously retaliate!
You headbutt Rupert. You slice Rupert!! You freeze Rupert!
Rupert is engulfed in freezing vapours.
Rupert hits you with a +1 executioner's axe of draining!!
* * * LOW MAGIC WARNING * * *
You die...

#...........∩.......
.........[...........#
......................
..
........##..[.8......#
....
##....####)....[...###
#...... #..#.#
#...[.....####.......
##.##
##..[[......##.........
#
##...[)[..............
. #....[<@@............
. #....).[##........#
##.
##....######.....###
#..
#......###........###).
##......#...#....).....
#.##........####...))..
## #.......#.#.......<.
#......######.....##
####...# #....###


You could see Rupert (berserk).

Vanquished Creatures
  Donald (Orc:1)
  An orc warlord (Orc:2)
  A two-headed ogre (D:8)
  4 orc high priests
  2 bog bodies (IceCv)
  4 orc knights
  The ghost of experimilk the Transmogrifier, a novice DrTm of Gozag (D:7)
  2 orc sorcerers
  A cyclops (Orc:1)
  Maurice (D:8)
  An ice statue (IceCv)
  Maggie (D:6)
  A komodo dragon (D:9)
  An anaconda simulacrum (IceCv)
  5 trolls
  2 hornets
  2 wraiths (D:9)
  A dire elephant simulacrum (IceCv)
  8 yaks (D:9)
  2 wyverns
  2 death yak simulacra (IceCv)
  Menkaure (D:4)
  3 wargs (Orc:1)
  2 harpy simulacra (IceCv)
  A hydra simulacrum (IceCv)
  2 black bears
  32 orc warriors
  8 ogres
  6 centaurs
  3 kobold brigands
  2 bullfrogs
  6 two-headed ogre simulacra
  A cane toad simulacrum (IceCv)
  A gnoll sergeant (D:7)
  3 scorpions
  17 wights
  4 elephant simulacra
  9 howler monkeys
  3 quasits (D:5)
  7 orc priests
  A gnoll bouda (D:7)
  6 hounds
  3 iguanas
  4 orc wizards
  7 polar bear simulacra
  8 troll simulacra (IceCv)
  8 spriggan simulacra
  A wolf simulacrum (IceCv)
  10 gnolls (D:7)
  9 adders
  9 naga simulacra
  2 shadow imps (D:5)
  8 white imps
  13 ufetubi
  3 worms
  3 dart slugs
  79 orcs
  3 bats
  10 endoplasms
  2 giant cockroaches
  9 goblins
  11 hobgoblins
  3 jackals (D:1)
  18 kobolds
  6 quokkas
  13 ball pythons
  A frilled lizard (D:2)
  8 rats
413 creatures vanquished.

Vanquished Creatures (others)
  An orc wizard (D:6)
  5 demonic plants (D:5)
  20 fungi (Orc:2)
  3 plants (D:9)
29 creatures vanquished.

Grand Total: 442 creatures vanquished

Notes
Turn   | Place    | Note
-------+----------+-------------------------------------------
     0 | D:1      | Pooter the Minotaur Berserker began the quest for the Orb.
     0 | D:1      | Reached XP level 1. HP: 19/19 MP: 0/0
   202 | D:1      | Reached XP level 2. HP: 27/27 MP: 1/1
   945 | D:2      | Reached XP level 3. HP: 30/33 MP: 2/2
  1113 | D:2      | Found a bloodstained altar of Trog.
  1154 | D:2      | Reached ** piety under Trog
  1156 | D:2      | Reached skill level 1 in Ranged Weapons
  1329 | D:2      | Reached skill level 5 in Axes
  1513 | D:2      | Reached XP level 4. HP: 36/41 MP: 1/3
  1933 | D:3      | Reached XP level 5. HP: 46/47 MP: 4/4
  1945 | D:3      | Found a faded altar of an unknown god.
  2169 | D:3      | Found Bakheomyg's Jewellery Shoppe.
  2255 | D:4      | Noticed a black bear
  2270 | D:4      | Killed a black bear
  2271 | D:4      | Reached skill level 5 in Fighting
  2271 | D:4      | Reached XP level 6. HP: 56/56 MP: 3/5
  2350 | D:4      | Noticed Menkaure
  2446 | D:4      | Killed Menkaure
  2457 | D:4      | Reached XP level 7. HP: 61/61 MP: 6/6
  2941 | D:5      | Entered Level 5 of the Dungeon
  2990 | D:5      | Reached skill level 5 in Ranged Weapons
  3393 | D:5      | Found a sparkling altar of Nemelex Xobeh.
  3462 | D:5      | Reached *** piety under Trog
  3489 | D:5      | Reached XP level 8. HP: 64/70 MP: 7/7
  3619 | D:5      | Found Kemau's General Store.
  3623 | D:5      | Bought a scroll of fog for 48 gold pieces
  3623 | D:5      | Bought a scroll of immolation for 48 gold pieces
  3623 | D:5      | Bought a scroll of identify for 24 gold pieces
  3623 | D:5      | Bought a scroll of identify for 24 gold pieces
  4565 | D:6      | Noticed Maggie
  4577 | D:6      | Killed Maggie
  4858 | D:7      | Reached XP level 9. HP: 68/79 MP: 8/8
  4957 | D:7      | Reached skill level 1 in Polearms
  4960 | D:7      | Reached skill level 10 in Axes
  5057 | D:7      | Found Qis Nenath's Distillery.
  5066 | D:7      | Bought a potion of flight for 30 gold pieces
  5066 | D:7      | Bought a potion of resistance for 100 gold pieces
  5260 | D:7      | Found a runed translucent door.
  5260 | D:7      | Noticed experimilk's ghost (novice DrTm)
  5275 | D:7      | Killed experimilk's ghost
  5326 | D:7      | Identified the +8 mace of Defence by Offence {flame, *Slow
                  | Str+5}
  5606 | D:7      | Found a staircase to the Ecumenical Temple.
  5758 | D:8      | Noticed a two-headed ogre
  5766 | D:8      | Killed a two-headed ogre
  5767 | D:8      | Reached XP level 10. HP: 90/90 MP: 9/9
  5819 | D:8      | Found a flagged portal.
  5839 | Bailey   | Entered a bailey
  6052 | Bailey   | Noticed an orc knight
  6065 | Bailey   | Killed an orc knight
  6066 | Bailey   | Reached skill level 10 in Ranged Weapons
  6208 | D:8      | Noticed Maurice
  6222 | D:8      | Killed Maurice
  6223 | D:8      | Reached skill level 5 in Polearms
  6605 | D:8      | Reached skill level 1 in Evocations
  6791 | D:3      | Bought a ring of see invisible for 210 gold pieces
  7038 | D:9      | Found a blossoming altar of Fedhas.
  7185 | D:9      | Reached **** piety under Trog
  7292 | D:9      | Found a staircase to the Lair.
  7508 | D:9      | Found a hide-covered altar of Uskayaw.
  7763 | D:9      | Reached XP level 11. HP: 97/97 MP: 10/10
  8208 | D:10     | Entered Level 10 of the Dungeon
  8267 | D:10     | Found an iron altar of Okawaru.
  8420 | D:10     | Identified the +3 ring mail "Lalismis" {rElec rF+ rC+ MP+9}
  8646 | D:10     | Found a staircase to the Orcish Mines.
  8932 | Orc:1    | Entered Level 1 of the Orcish Mines
  8932 | Orc:1    | Found a frozen archway.
  9023 | IceCv    | Entered an ice cave
  9538 | IceCv    | Reached skill level 10 in Fighting
 12235 | IceCv    | Noticed a bog body
 12235 | IceCv    | Noticed a bog body
 12246 | IceCv    | Killed a bog body
 12248 | IceCv    | Killed a bog body
 12248 | IceCv    | Reached ***** piety under Trog
 12415 | IceCv    | Found the +8 longbow "Zephyr" {speed, Dex+3 SInv}
 12416 | IceCv    | Found the +8 frozen axe "Frostbite" {freezing cloud, *Noise
                  | Fly rC+}
 13010 | D:5      | Bought a tin of tremorstones (2/2) for 480 gold pieces
 13174 | Orc:2    | Entered Level 2 of the Orcish Mines
 13174 | Orc:2    | Noticed an orc high priest
 13174 | Orc:2    | Noticed an orc knight
 13226 | Orc:2    | Noticed an orc sorcerer
 13227 | Orc:2    | Noticed an orc high priest
 13347 | Orc:2    | Killed an orc sorcerer
 13349 | Orc:2    | Killed an orc high priest
 13350 | Orc:2    | Reached XP level 12. HP: 108/108 MP: 9/11
 13350 | Orc:2    | Found Gecoop's Book Shoppe.
 13358 | Orc:2    | Killed an orc high priest
 13486 | Orc:2    | Noticed Donald
 13493 | Orc:1    | Killed Donald
 13779 | Orc:2    | Noticed an orc high priest
 13902 | Orc:1    | Killed an orc high priest
 13986 | Orc:2    | Noticed an orc warlord
 14106 | Orc:2    | Killed an orc warlord
 14242 | Orc:2    | Noticed an orc high priest
 14250 | Orc:1    | Killed an orc high priest
 14251 | Orc:1    | Reached skill level 5 in Armour
 14527 | Orc:2    | Noticed Rupert
 14535 | Orc:2    | Mangled by Rupert

Illustrated notes

Levels and vault maps discovered:
D:1:      kennysheep_arrival_seaside, layout_loops_ring
D:2:      layout_rooms, basic_altar
D:3:      layout_rooms, ebering_ecumenical_altar_webs, serial_shops, shop
D:4:      nicolae_BIG_FREAKIN_CUBE, layout_rooms, uniq_menkaure
D:5:      layout_gridville, old_standard_altar, serial_demonic,
          serial_demonic_f, serial_demonic_g, serial_demonic_b,
          serial_demonic_d, serial_demonic_g, serial_demonic_d, serial_shops,
          shop
D:6:      nicolae_cairo_tiling, layout_basic, uniq_maggie
D:7:      layout_rooms, lemuel_temple_firewalk_b, gammafunk_ghost_grave,
          serial_shops, nicolae_diamond_shop
D:8:      layout_loops_ring, enter_bailey_5, uniq_maurice
D:9:      layout_basic, nicolae_uskayaw_suspiria,
          mainiacjoe_overflow_six_doors_small, david_lair_shrubbed, minmay_puff
D:10:     layout_rooms, okawaru_metal_pillars_1_2, minmay_orc_entry_temple_small
Orc:1:    layout_caves, portal_ice_cave_entry_ice_simulacra
Orc:2:    grunt_orc_gardens, layout_diamond_mine, grunt_orc_garden,
          grunt_orc_garden, grunt_orc_garden, grunt_orc_garden,
          statue_in_the_mist_lemuel, uniq_rupert, uniq_donald

Skill      XL: |  1  2  3  4  5  6  7  8  9 10 11 12 |
---------------+-------------------------------------+-----
Axes           | 4 5 6 7 8 9 11 12 13 | 13.6
Fighting       | 4 5 6 7 8 9 10 11 | 11.5
Ranged Weapons | 1 2 3 4 5 7 9 11 12 13 | 13.7
Polearms       | 3 6 9 |  9.3
Evocations     | 2 4 |  4.0
Armour         | 3 5 |  5.3
Dodging        | |  2.1

Action                   |  1- 3 |  4- 6 |  7- 9 | 10-12 || total
-------------------------+-------+-------+-------+-------++-------
Melee: Hand axe          |    65 |    54 |    26 |       ||   145
       Headbutt          |    16 |     7 |    20 |    56 ||    99
       War axe           |       |       |    72 |       ||    72
       Punch             |       |       |     1 |       ||     1
       Glaive            |       |       |    77 |   305 ||   382
       Executioner's axe |       |       |       |    75 ||    75
 Fire: Sling             |    55 |    45 |    45 |       ||   145
       Shortbow          |       |       |    57 |   163 ||   220
       Longbow           |       |       |       |    48 ||    48
Throw: Stone             |     2 |       |     1 |       ||     3
       Boomerang         |       |       |       |     5 ||     5
Invok: Berserk           |     1 |     3 |     9 |    17 ||    30
       Trog's Hand       |       |       |     4 |    21 ||    25
Evoke: Wand              |       |     3 |     1 |    16 ||    20
       Tin of tremorston |       |       |       |     2 ||     2
  Use: Scroll            |     5 |     1 |     7 |    14 ||    27
       Potion            |       |       |       |     1 ||     1
 Stab: Sleeping          |     1 |       |       |       ||     1
Armor: Animal skin       |    14 |     8 |    24 |       ||    46
       Leather armour    |       |       |     8 |       ||     8
       Swamp dragon scal |       |       |    10 |       ||    10
       Plate armour      |       |       |     4 |   214 ||   218
       Ring mail         |       |       |       |    34 ||    34
       Ice dragon scales |       |       |       |    30 ||    30
Dodge: Dodged            |    48 |    40 |   117 |   206 ||   411

Table legend: (Time is in decaauts)
 A = Elapsed time spent in this place.
 B = Non-inter-level travel time spent in this place.
 C = Inter-level travel time spent in this place.
 D = Time resting spent in this place.
 E = Time spent auto-exploring this place.
 F = Levels seen in this place.
 G = Mean time per level.
                   A        B        C        D        E       F      G
               +--------+--------+--------+--------+--------+-----+--------+
         Total |  15024 |  14259 |    765 |   5786 |   5418 |  14 | 1073.1 |
       Dungeon |   9109 |   8354 |    755 |   1310 |   5094 |  10 |  910.9 |
  Orcish Mines |   1663 |   1653 |     10 |   1134 |     90 |   2 |  831.5 |
        Bailey |    339 |    339 |      0 |    120 |     31 |   1 |  339.0 |
      Ice Cave |   3912 |   3912 |      0 |   3221 |    203 |   1 | 3912.0 |
               +--------+--------+--------+--------+--------+-----+--------+

Top non-repeatable levels by time:
   IceCv: 3912 daAuts
     D:9: 1274 daAuts
   Orc:1: 1241 daAuts
     D:6: 1125 daAuts
     D:8: 987 daAuts
     D:7: 942 daAuts
     D:5: 913 daAuts
     D:1: 896 daAuts
     D:4: 793 daAuts
     D:2: 780 daAuts
    D:10: 773 daAuts
     D:3: 623 daAuts
   Orc:2: 421 daAuts
  Bailey: 339 daAuts
